BLB
BATAVIA MUCKDOGS @ WINDY CITY BLUES
03/10/2060
 
TOP OF THE 1ST
Batavia Muckdogs batting - Pitching for Windy City Blues : RHP Riley Saakyan
Pitching: RHP Riley Saakyan
Batting: RHB Zeke Lebron 0-0: Called Strike
0-1: Called Strike
0-2: Strikes out swinging
Batting: RHB Wade Cummins 0-0: Ground out 5-3 (Groundball, 56, EV 76.2 MPH)
Batting: LHB Donald Dworkin 0-0: Foul Ball, location: 2F
0-1: SINGLE (Groundball, 25, EV 68.8 MPH) (infield hit)
Batting: SHB Quinton Brown 0-0: Fly out, F7 (Line Drive, 78S, EV 95.6 MPH)
Top of the 1st over - 0 runs, 1 hit, 0 errors, 1 left on base; Batavia 0 - Windy City 0
BOTTOM OF THE 1ST
Windy City Blues batting - Pitching for Batavia Muckdogs : RHP Heath Day
Pitching: RHP Heath Day
Batting: LHB Rafael Rutkowski 0-0: SINGLE (Groundball, 4MD, EV 103.1 MPH)
Batting: RHB Dulani Cherry 0-0: Called Strike
0-1: Ball
1-1: Fly out, F8 (Line Drive, 8RM, EV 103.8 MPH)
Batting: SHB Steven Hall 0-0: Called Strike
0-1: Ball
1-1: Ball
2-1: Foul Ball, location: 2F
2-2: Ball
3-2: Grounds into double play, 4-6-3 (Groundball, 4, EV 101.2 MPH)
Bottom of the 1st over - 0 runs, 1 hit, 0 errors, 0 left on base; Batavia 0 - Windy City 0
TOP OF THE 2ND
Batavia Muckdogs batting - Pitching for Windy City Blues : RHP Riley Saakyan
Batting: LHB Carl Brinkley 0-0: Foul Ball, location: 2F
0-1: Called Strike
0-2: SINGLE (Groundball, 34D, EV 108.1 MPH)
Batting: RHB Destin Fransen 0-0: Ball
1-0: Called Strike
1-1: Foul Ball, location: 2F
1-2: Ball
2-2: Foul Ball, location: 2F
2-2: SINGLE (Line Drive, 5L, EV 103.8 MPH)
Carl Brinkley to second
Batting: RHB Robbie McGath 0-0: Foul Ball, location: 2F
0-1: SINGLE (Groundball, 6S, EV 75.0 MPH) (infield hit)
Carl Brinkley to third
Destin Fransen to second
Batting: RHB Tyson Velez 0-0: Called Strike
0-1: Swinging Strike
0-2: Ball
1-2: Foul Ball, location: 2F
1-2: Ball
2-2: Reached on error, E5 (Groundball, 56S, EV 66.9 MPH)
Carl Brinkley scores
Destin Fransen to third
Robbie McGath to second
Batting: RHB Bowie Garcia 0-0: Hit by Pitch
Destin Fransen scores
Robbie McGath to third
Tyson Velez to second
Batting: RHB Zeke Lebron 0-0: Called Strike
0-1: Ball
1-1: Ball
2-1: Fly out, F8 (Flyball, 8LXD, EV 100.6 MPH)
Runner from 3rd tags up, SCORES, no throw by CF
Batting: RHB Wade Cummins 0-0: Foul Ball, location: 2F
0-1: SINGLE (Groundball, 34D, EV 96.2 MPH)
Tyson Velez to third
Bowie Garcia to second
Batting: LHB Donald Dworkin 0-0: Ball
1-0: SINGLE (Groundball, 34S, EV 75.6 MPH) (infield hit)
Tyson Velez scores
Bowie Garcia to third
Wade Cummins to second
Batting: SHB Quinton Brown 0-0: Called Strike
0-1: Ball
1-1: Ball
2-1: Ball
3-1: Foul Ball, location: 2F
3-2: Fly out, F8 (Flyball, 8RXD, EV 99.4 MPH)
Runner from 3rd tags up, SCORES, no throw by CF
Wade Cummins to third
Pitching: LHP Carter Bell
Batting: LHB Carl Brinkley 0-0: Hit by Pitch
Donald Dworkin to second
Batting: RHB Destin Fransen 0-0: Ball
1-0: Swinging Strike
1-1: Fly out, F9 (Line Drive, 9S, EV 90.6 MPH)
Top of the 2nd over - 5 runs, 5 hits, 1 error, 3 left on base; Batavia 5 - Windy City 0
BOTTOM OF THE 2ND
Windy City Blues batting - Pitching for Batavia Muckdogs : RHP Heath Day
Batting: RHB Ty Dec 0-0: Foul Ball, location: 2F
0-1: Swinging Strike
0-2: Foul Ball, location: 2F
0-2: SINGLE (Groundball, 5D, EV 101.9 MPH)
Batting: RHB Ezekiel Wolfson 0-0: Ball
1-0: Foul Ball, location: 2F
1-1: Foul Ball, location: 2F
1-2: Foul Ball, location: 2F
1-2: Strikes out swinging
Batting: RHB Freddy Mikulski 0-0: Fly out, F9 (Line Drive, 9S, EV 100.0 MPH)
Batting: RHB Adrien Jimenez 0-0: Ball
1-0: Called Strike
1-1: Ball
Ty Dec steals 2nd base
2-1: Foul Ball, location: 2F
2-2: Strikes out swinging
Bottom of the 2nd over - 0 runs, 1 hit, 0 errors, 1 left on base; Batavia 5 - Windy City 0
TOP OF THE 3RD
Batavia Muckdogs batting - Pitching for Windy City Blues : LHP Carter Bell
Batting: RHB Robbie McGath 0-0: Swinging Strike
0-1: Ball
1-1: Called Strike
1-2: Strikes out looking
Batting: RHB Tyson Velez 0-0: Ball
1-0: Called Strike
1-1: Swinging Strike
1-2: Ball
2-2: Strikes out swinging
Batting: RHB Bowie Garcia 0-0: Called Strike
0-1: Swinging Strike
0-2: Strikes out looking
Top of the 3rd over - 0 runs, 0 hits, 0 errors, 0 left on base; Batavia 5 - Windy City 0
BOTTOM OF THE 3RD
Windy City Blues batting - Pitching for Batavia Muckdogs : RHP Heath Day
Batting: RHB Brad Castro 0-0: Foul Ball, location: 2F
0-1: DOUBLE (Line Drive, 9LM, EV 102.5 MPH)
Batting: LHB Zach Dunnum 0-0: Ball
1-0: Ball
2-0: Ball
3-0: Called Strike
3-1: Base on Balls
Batting: LHB Rafael Rutkowski 0-0: Called Strike
0-1: Grounds into double play, 6-4-3 (Groundball, 6, EV 84.4 MPH)
Brad Castro to third
Batting: RHB Dulani Cherry 0-0: Called Strike
0-1: Ball
1-1: Ground out U3 (Groundball, 34D, EV 81.2 MPH)
Bottom of the 3rd over - 0 runs, 1 hit, 0 errors, 1 left on base; Batavia 5 - Windy City 0
TOP OF THE 4TH
Batavia Muckdogs batting - Pitching for Windy City Blues : LHP Carter Bell
Pinch Hitting: LHB Archibald Vasquez 0-0: Ball
1-0: Ball
2-0: Ball
3-0: Foul Ball, location: 2F
3-1: Foul Ball, location: 2F
3-2: SINGLE (Groundball, 34D, EV 106.2 MPH)
Batting: RHB Wade Cummins 0-0: Ball
1-0: Ball
2-0: Ball
3-0: Fly out, F7 (Flyball, 7D, EV 75.6 MPH)
Batting: LHB Donald Dworkin 0-0: Ball
1-0: Foul Ball, location: 2F
1-1: Ball
2-1: Swinging Strike
2-2: Ball
3-2: Foul Ball, location: 2F
3-2: Foul Ball, location: 2F
3-2: Foul Ball, location: 2F
3-2: Fly out, F3 (Flyball, 3D, EV 86.2 MPH)
Batting: SHB Quinton Brown 0-0: Called Strike
0-1: Swinging Strike
0-2: Ball
1-2: Ball
2-2: Strikes out swinging
Top of the 4th over - 0 runs, 1 hit, 0 errors, 1 left on base; Batavia 5 - Windy City 0
BOTTOM OF THE 4TH
Windy City Blues batting - Pitching for Batavia Muckdogs : RHP Heath Day
Now in CF: Colby Cooper
Now in RF: Tyson Velez
Batting: SHB Steven Hall 0-0: Called Strike
0-1: Ball
1-1: Ground out 6-3 (Groundball, 6, EV 78.1 MPH)
Batting: RHB Ty Dec 0-0: Ball
1-0: Swinging Strike
1-1: SINGLE (Flyball, 3D, EV 91.2 MPH)
Batting: RHB Ezekiel Wolfson 0-0: Called Strike
0-1: Ball
1-1: DOUBLE (Groundball, 5L, EV 100.0 MPH)
Ty Dec to third
Runner from 3rd tries for Home, SAFE, no throw by LF
Batting: RHB Freddy Mikulski 0-0: Called Strike
0-1: Swinging Strike
0-2: Ball
1-2: Strikes out swinging
Pitching: RHP Micah Kanda
Batting: RHB Adrien Jimenez 0-0: Ball
1-0: Foul Ball, location: 2F
1-1: Ball
2-1: Swinging Strike
2-2: Foul Ball, location: 2F
2-2: Ball
3-2: Base on Balls
Batting: RHB Brad Castro 0-0: Called Strike
0-1: Ball
1-1: DOUBLE (Line Drive, 78D, EV 101.9 MPH)
Ezekiel Wolfson scores
Adrien Jimenez to third
Batting: LHB Zach Dunnum 0-0: Foul Ball, location: 2F
0-1: Ball
1-1: DOUBLE (Flyball, 8RXD, EV 110.6 MPH)
Adrien Jimenez scores
Brad Castro scores
Batting: LHB Rafael Rutkowski 0-0: Ball
1-0: Called Strike
1-1: Ground out 1-3 (Groundball, 13S, EV 73.8 MPH)
Bottom of the 4th over - 4 runs, 4 hits, 0 errors, 1 left on base; Batavia 5 - Windy City 4
TOP OF THE 5TH
Batavia Muckdogs batting - Pitching for Windy City Blues : LHP Carter Bell
Now at C: Armand Carandini
Now at 1B: Dorsey Brewer
Now in LF: Jedediah Hernandez
Now in RF: Deontae Howard
Batting: LHB Carl Brinkley 0-0: Called Strike
0-1: Ball
1-1: Ball
2-1: Foul Ball, location: 2F
2-2: SINGLE (Line Drive, 8RS, EV 104.4 MPH)
Batting: RHB Destin Fransen 0-0: Ball
1-0: Foul Ball, location: 2F
1-1: Called Strike
1-2: Ball
2-2: Foul Ball, location: 2F
2-2: Strikes out swinging
Pinch Hitting: RHB Julius McCurdy 0-0: Called Strike
0-1: Ball
1-1: Fly out, F9 (Line Drive, 89M, EV 109.4 MPH)
Batting: RHB Tyson Velez 0-0: SINGLE (Line Drive, 89S, EV 97.5 MPH)
Carl Brinkley to second
Runner from 2nd tries for 3rd, SAFE, throw by RF made to third
Batting: RHB Bowie Garcia 0-0: Called Strike
0-1: Ball
1-1: Fielders Choice at 2nd, 5-4 (Groundball, 5L, EV 83.8 MPH)
Top of the 5th over - 0 runs, 2 hits, 0 errors, 2 left on base; Batavia 5 - Windy City 4
BOTTOM OF THE 5TH
Windy City Blues batting - Pitching for Batavia Muckdogs : RHP Micah Kanda
Now at C: Logan Gleason
Now at 2B: Bowie Garcia
Now at 3B: Tommy Tyrrell
Now at SS: Julius McCurdy
Now in LF: Willis Neil
Now in RF: Ricky Stegall
Batting: RHB Dorsey Brewer 0-0: Ball
1-0: Ground out 6-3 (Groundball, 56D, EV 101.2 MPH)
Batting: RHB Deontae Howard 0-0: Ball
1-0: Ball
2-0: Ball
3-0: Base on Balls
Pitching: LHP Jameon Hurst
Batting: RHB Ty Dec 0-0: Called Strike
0-1: Foul Ball, location: 2F
0-2: Ball
1-2: Ball
2-2: SINGLE (Line Drive, 56, EV 96.2 MPH)
Deontae Howard to second
Batting: LHB Jedediah Hernandez 0-0: Ball
1-0: Ball
2-0: Ball
3-0: Called Strike
3-1: SINGLE (Groundball, 4MD, EV 98.8 MPH)
Deontae Howard to third
Ty Dec to second
Runner from 3rd tries for Home, SAFE, throw by CF to home
Batting: RHB Freddy Mikulski 0-0: Ball
1-0: Called Strike
1-1: Ball
2-1: Called Strike
2-2: Foul Ball, location: 2F
2-2: Strikes out swinging
Pinch Hitting: RHB Peter Wingenbach 0-0: Foul Ball, location: 2F
0-1: Ball
1-1: Ball
2-1: Fielders Choice at 2nd, 6-4 (Groundball, 6, EV 102.5 MPH)
Bottom of the 5th over - 1 run, 2 hits, 0 errors, 2 left on base; Batavia 5 - Windy City 5
TOP OF THE 6TH
Batavia Muckdogs batting - Pitching for Windy City Blues : LHP Carter Bell
Now at 2B: Peter Wingenbach
Now in CF: Ron Shotwell
Batting: RHB Colby Cooper 0-0: Ball
1-0: Ball
2-0: Fly out, F7 (Line Drive, 7S, EV 92.5 MPH)
Batting: LHB Ricky Stegall 0-0: Foul Ball, location: 2F
0-1: Called Strike
0-2: Ball
1-2: Ball
2-2: Foul Ball, location: 2F
2-2: Foul Ball, location: 2F
2-2: Ball
3-2: Foul Ball, location: 2F
3-2: Base on Balls
Pitching: RHP Grant Randolph
Batting: LHB Willis Neil 0-0: DOUBLE (Line Drive, 8RXD, EV 107.5 MPH)
Ricky Stegall to third
Pinch Hitting: RHB R.J. McCarthy 0-0: Called Strike
0-1: Ball
1-1: Foul Ball, location: 2F
1-2: Foul Ball, location: 2F
1-2: Ball
2-2: Ball
3-2: Strikes out swinging
Batting: LHB Carl Brinkley 0-0: SINGLE (Line Drive, 9S, EV 90.0 MPH)
Ricky Stegall scores
Willis Neil to third
Runner from 3rd tries for Home, SAFE, throw by RF to home
Batting: RHB Tommy Tyrrell 0-0: Ball
1-0: Called Strike
1-1: Ball
2-1: SINGLE (Line Drive, 4M, EV 109.4 MPH)
Carl Brinkley to second
Batting: RHB Julius McCurdy 0-0: Ball
1-0: Ball
2-0: Ground out 4-3 (Groundball, 4, EV 80.0 MPH)
Top of the 6th over - 2 runs, 3 hits, 0 errors, 2 left on base; Batavia 7 - Windy City 5
BOTTOM OF THE 6TH
Windy City Blues batting - Pitching for Batavia Muckdogs : LHP Jameon Hurst
Pitching: RHP Gerald Roderick
Now at 1B: R.J. McCarthy
Pinch Hitting: RHB Forest Cordova 0-0: Foul Ball, location: 2F
0-1: Swinging Strike
0-2: Ground out 6-3 (Groundball, 6M, EV 83.1 MPH)
Batting: RHB Ron Shotwell 0-0: SINGLE (Groundball, 34D, EV 101.2 MPH)
Batting: RHB Armand Carandini 0-0: Fly out, F9 (Flyball, 9, EV 88.1 MPH)
Batting: RHB Dorsey Brewer 0-0: Called Strike
0-1: Ball
1-1: Swinging Strike
1-2: Strikes out looking
Bottom of the 6th over - 0 runs, 1 hit, 0 errors, 1 left on base; Batavia 7 - Windy City 5
TOP OF THE 7TH
Batavia Muckdogs batting - Pitching for Windy City Blues : RHP Grant Randolph
Now at 3B: Forest Cordova
Now at SS: Freddy Mikulski
Batting: RHB Logan Gleason 0-0: Ball
1-0: Ball
2-0: Ball
3-0: Base on Balls
Batting: RHB Bowie Garcia 0-0: Grounds into double play, 6-4-3 (Groundball, 6, EV 87.5 MPH)
Batting: RHB Colby Cooper 0-0: Foul Ball, location: 2F
0-1: Foul Ball, location: 2F
0-2: Ball
1-2: Strikes out looking
Top of the 7th over - 0 runs, 0 hits, 0 errors, 0 left on base; Batavia 7 - Windy City 5
BOTTOM OF THE 7TH
Windy City Blues batting - Pitching for Batavia Muckdogs : RHP Gerald Roderick
Batting: RHB Deontae Howard 0-0: Foul Ball, location: 2F
0-1: Foul Ball, location: 2F
0-2: Ball
1-2: Ball
2-2: Ball
3-2: TRIPLE (Line Drive, 78XD, EV 103.1 MPH)
Batting: RHB Ty Dec 0-0: Ball
1-0: SINGLE (Line Drive, 9S, EV 111.9 MPH)
Deontae Howard scores
Batting: LHB Jedediah Hernandez 0-0: Ball
1-0: Ball
2-0: Foul Ball, location: 2F
2-1: Swinging Strike
2-2: Fly out, F7 (Flyball, 7, EV 71.2 MPH)
Pitching: RHP Stephen Reece
Batting: RHB Freddy Mikulski 0-0: Foul Ball, location: 2F
0-1: Ball
1-1: Foul Ball, location: 2F
1-2: Fly out, F2 (Popup, 23F, EV 88.1 MPH)
Batting: RHB Peter Wingenbach 0-0: Ball
Ty Dec steals 2nd base
1-0: Ball
2-0: Called Strike
2-1: Fly out, F2 (Popup, 23F, EV 83.8 MPH)
Bottom of the 7th over - 1 run, 2 hits, 0 errors, 1 left on base; Batavia 7 - Windy City 6
TOP OF THE 8TH
Batavia Muckdogs batting - Pitching for Windy City Blues : RHP Grant Randolph
Batting: LHB Ricky Stegall 0-0: Ball
1-0: Fly out, F8 (Flyball, 8LD, EV 101.9 MPH)
Batting: LHB Willis Neil 0-0: Ball
1-0: Foul Ball, location: 2F
1-1: Swinging Strike
1-2: Ball
2-2: Strikes out swinging
Batting: RHB R.J. McCarthy 0-0: Ball
1-0: Foul Ball, location: 2F
1-1: Ball
2-1: Swinging Strike
2-2: Strikes out swinging
Top of the 8th over - 0 runs, 0 hits, 0 errors, 0 left on base; Batavia 7 - Windy City 6
BOTTOM OF THE 8TH
Windy City Blues batting - Pitching for Batavia Muckdogs : RHP Stephen Reece
Batting: RHB Forest Cordova 0-0: Called Strike
0-1: Swinging Strike
0-2: Foul Ball, location: 2F
0-2: Strikes out swinging
Batting: RHB Ron Shotwell 0-0: Ball
1-0: Ball
2-0: Ball
3-0: Called Strike
3-1: Called Strike
3-2: Foul Ball, location: 2F
3-2: Base on Balls
Pinch Hitting: RHB Corbin Herron 0-0: Ball
1-0: Called Strike
1-1: Called Strike
1-2: Strikes out looking
Pitching: LHP Bailey Grundy
Batting: RHB Dorsey Brewer 0-0: Ball
1-0: Called Strike
1-1: Foul Ball, location: 2F
1-2: Strikes out swinging
Bottom of the 8th over - 0 runs, 0 hits, 0 errors, 1 left on base; Batavia 7 - Windy City 6
TOP OF THE 9TH
Batavia Muckdogs batting - Pitching for Windy City Blues : RHP Grant Randolph
Pitching: LHP Cooper Ritchey
Now at C: Corbin Herron
Batting: LHB Carl Brinkley 0-0: Foul Ball, location: 2F
0-1: Ball
1-1: Foul Ball, location: 2F
1-2: Ball
2-2: Foul Ball, location: 2F
2-2: Strikes out swinging
Batting: RHB Tommy Tyrrell 0-0: Ball
1-0: Fly out, F7 (Line Drive, 7D, EV 108.1 MPH)
Batting: RHB Julius McCurdy 0-0: Called Strike
0-1: Ball
1-1: Ball
2-1: Ground out 6-3 (Groundball, 6M, EV 83.8 MPH)
Top of the 9th over - 0 runs, 0 hits, 0 errors, 0 left on base; Batavia 7 - Windy City 6
BOTTOM OF THE 9TH
Windy City Blues batting - Pitching for Batavia Muckdogs : LHP Bailey Grundy
Batting: RHB Deontae Howard 0-0: Called Strike
0-1: Ball
1-1: Ball
2-1: Ball
3-1: Base on Balls
Batting: RHB Jamie Kear 0-0: Ball
1-0: Ball
2-0: Called Strike
2-1: Called Strike
2-2: Foul Ball, location: 2F
2-2: Fly out, F9 (Line Drive, 9D, EV 86.2 MPH)
Batting: LHB Jedediah Hernandez 0-0: Fielders Choice at 2nd, 4-6 (Groundball, 4M, EV 93.1 MPH)
Batting: RHB Freddy Mikulski 0-0: Ball
1-0: Ball
2-0: Foul Ball, location: 2F
2-1: Ground out 4-3 (Groundball, 4, EV 91.9 MPH)
Bottom of the 9th over - 0 runs, 0 hits, 0 errors, 1 left on base; Batavia 7 - Windy City 6
Wednesday, April 17th , 2024 - OOTP Baseball 23.10 Build 110